 Dungeon Crawl Stone Soup version 0.22.0 (webtiles) character file.

1354 IcyTea the Basher (level 8, -1/46 HPs)
             Began as a Gargoyle Fighter on Aug 11, 2018.
             Was a Follower of Qazlal.
             Slain by a two-headed ogre
             ... wielding a +0 giant spiked club
              (26 damage)
             ... on level 6 of the Dungeon.
             The game lasted 00:18:22 (5476 turns).

IcyTea the Basher (Gargoyle Fighter)                Turns: 5476, Time: 00:18:23

Health: -1/46      AC: 13    Str: 21    XL:     8   Next: 63%
Magic:  8/8        EV:  7    Int:  9    God:    Qazlal [*.....]
Gold:   307        SH: 10    Dex: 10    Spells: 7/7 levels left

rFire    . . .     SeeInvis .   a - +1 morningstar (curse)
rCold    . . .     Gourm    .   c - +0 shield
rNeg     + . .     Faith    .   b - +0 scale mail
rPois    ∞         Spirit   .   (no helmet)
rElec    +         Reflect  .   (no cloak)
rCorr    .         Harm     .   (no gloves)
MR       .....                  k - +0 pair of boots
Stlth    ..........             (no amulet)
HPRegen  0.15/turn              (no ring)
MPRegen  0.11/turn              (no ring)

@: no status effects
A: negative energy resistance 1, electricity resistance, unbreathing,
petrification resistance, rot immunity, AC +5
a: Renounce Religion


You were on level 6 of the Dungeon.
You worshipped Qazlal.
Qazlal was aware of your devotion.
You were not hungry.

You visited 2 branches of the dungeon, and saw 7 of its levels.

You collected 307 gold pieces.

Inventory:

Hand Weapons
 a - a cursed +1 morningstar (weapon)
 v - a +0 morningstar
Armour
 b - a +0 scale mail (worn)
 c - a +0 shield (worn)
 k - a +0 pair of boots (worn)
Wands
 q - a wand of random effects (14)
Scrolls
 e - 3 scrolls of remove curse
 g - 3 scrolls of teleportation
 j - a scroll of blinking {unknown}
 m - a scroll of identify
 r - a scroll of fog {unknown}
 t - a scroll of enchant armour {unknown}
 w - a scroll of amnesia {unknown}
Potions
 d - 2 potions of might
 i - a potion of flight
 l - a potion of brilliance {unknown}
 n - a potion of berserk rage {unknown}
 o - a potion of magic
 p - a potion of curing
 s - a potion of ambrosia {unknown}
 u - a potion of experience {unknown}
 x - a potion of heal wounds {unknown}
Comestibles
 f - 12 rations


   Skills:
 - Level 3.2 Fighting
 + Level 10.4 Maces & Flails
 - Level 3.2 Armour
 - Level 3.2 Shields


You had 7 spell levels left.
You didn't know any spells.
Your spell library contained the following spells:

 Spells                   Type           Power        Failure   Level  Hunger
 Animate Skeleton         Necr           N/A          99%         1    ##.....


Dungeon Overview and Level Annotations

Branches:
Dungeon (6/15)             Temple (1/1) D:4

Altars:
Ashenzari
Dithmenos
Elyvilon
Fedhas
Hepliaklqana
Kikubaaqudgha
Makhleb
Nemelex Xobeh
Okawaru
Qazlal
Ru
Sif Muna
Trog
Uskayaw
Vehumet
Wu Jian
Xom
Zin
The Shining One

Shops:
D:4 :


Innate Abilities, Weirdness & Mutations

You are resistant to torment.
Your stone body is resilient. (AC +5)
You are immune to poison.
You resist negative energy. (rN+)
You are resistant to electric shocks. (rElec)
You can survive without breathing.
You are immune to petrification.
You are immune to rotting.


Message History

You barely miss the bullfrog.
The bullfrog is almost dead.
The bullfrog barely misses you.
You barely miss the two-headed ogre. You sock the two-headed ogre!
The two-headed ogre is moderately wounded.
The two-headed ogre closely misses you. You block the two-headed ogre's attack.
You puncture the two-headed ogre!
The two-headed ogre is heavily wounded.
You float gracefully downwards.
You hit the two-headed ogre but do no damage.
The two-headed ogre is heavily wounded.
The two-headed ogre hits you with a giant spiked club.
The two-headed ogre hits you with a giant club!
You hit the two-headed ogre.
The two-headed ogre is severely wounded.
You block the two-headed ogre's attack.
The two-headed ogre hits you with a giant club!!
Ouch! That really hurt!
You die...

############
...........############
.........#.(....@OF...#
..####.....##########.#
....##.....##
..#.........#
..####.....##
..####..#.##
........#.# ........#.#
.########+#


You could see a two-headed ogre and a bullfrog.

Vanquished Creatures
  Sigmund (D:3)
  A water moccasin (D:5)
  A sky beast (D:5)
  An ogre (D:5)
  A centaur (D:5)
  A bullfrog (D:5)
  A scorpion (D:4)
  3 wights (D:6)
  3 crimson imps
  A bullfrog skeleton (D:5)
  A hound (D:4)
  A gnoll shaman (D:5)
  An orc priest (D:4)
  6 orc wizards
  A worker ant zombie (D:5)
  4 adders
  5 gnolls
  A howler monkey skeleton (D:5)
  2 oozes
  An adder skeleton (D:4)
  6 dart slugs
  15 orcs
  4 bats
  3 giant cockroaches
  5 goblins
  2 hobgoblins
  4 jackals
  2 quokkas
  A ball python (D:1)
  7 kobolds
  3 rats (D:2)
89 creatures vanquished.

Notes
Turn   | Place    | Note
-------+----------+-------------------------------------------
     0 | D:1      | IcyTea the Gargoyle Fighter began the quest for the Orb.
     0 | D:1      | Reached XP level 1. HP: 14/14 MP: 1/1
    74 | D:1      | Reached XP level 2. HP: 8/19 MP: 2/2
   309 | D:1      | Reached skill level 3 in Maces & Flails
   612 | D:2      | Reached XP level 3. HP: 23/23 MP: 3/3
   716 | D:2      | Found a deep blue altar of Sif Muna.
   841 | D:2      | Reached skill level 4 in Maces & Flails
   972 | D:3      | Reached XP level 4. HP: 25/28 MP: 4/4
  1027 | D:3      | Found a sacrificial altar of Ru.
  1683 | D:3      | Noticed Sigmund
  1701 | D:3      | Killed Sigmund
  1701 | D:3      | Reached skill level 6 in Maces & Flails
  1701 | D:3      | Reached XP level 5. HP: 7/32 MP: 5/5
  1701 | D:3      | Reached XP level 6. HP: 8/37 MP: 6/6
  2393 | D:4      | Found Etamomn's Book Boutique.
  2408 | D:4      | Found a sparkling altar of Nemelex Xobeh.
  2725 | D:4      | Reached skill level 7 in Maces & Flails
  2757 | D:4      | Found a staircase to the Ecumenical Temple.
  2769 | Temple   | Entered the Ecumenical Temple
  2880 | Temple   | Became a worshipper of Qazlal Stormbringer
  3228 | D:4      | Reached XP level 7. HP: 38/41 MP: 7/7
  3756 | D:5      | Entered Level 5 of the Dungeon
  4003 | D:5      | Reached skill level 8 in Maces & Flails
  4428 | D:5      | Reached skill level 9 in Maces & Flails
  4428 | D:5      | Reached XP level 8. HP: 27/46 MP: 8/8
  4877 | D:5      | Reached * piety under Qazlal
  4950 | D:5      | Found an ornate altar of the Wu Jian Council.
  4953 | D:5      | Found a shattered altar of Ashenzari.
  4954 | D:5      | Found a blossoming altar of Fedhas.
  4963 | D:5      | Found a glowing silver altar of Zin.
  4969 | D:5      | Found a hide-covered altar of Uskayaw.
  5128 | D:5      | Reached skill level 10 in Maces & Flails
  5174 | D:6      | Found a radiant altar of Vehumet.
  5174 | D:6      | Found an ancient bone altar of Kikubaaqudgha.
  5175 | D:6      | Found a deep blue altar of Sif Muna.
  5180 | D:6      | Identified Kikubaaqudgha's Volume of Darkness
  5392 | D:6      | Found a glowing golden altar of the Shining One.
  5467 | D:6      | Noticed a two-headed ogre
  5476 | D:6      | Slain by a two-headed ogre

Skill      XL: |  1  2  3  4  5  6  7  8 |
---------------+-------------------------+-----
Maces & Flails | 3 4 6 7 9 10 | 10.4
Fighting       | |  3.2
Armour         | |  3.2
Shields        | |  3.2

Action                   |  1- 3 |  4- 6 |  7- 9 || total
-------------------------+-------+-------+-------++-------
Melee: Flail             |   101 |   131 |    26 ||   258
       Morningstar       |       |       |   201 ||   201
  Use: Potion            |       |     1 |     3 ||     4
       Scroll            |       |     2 |     2 ||     4
  Eat: Ration            |       |     1 |     1 ||     2
       Chunk             |       |     3 |     5 ||     8
Armor: Scale mail        |    65 |    79 |   102 ||   246
Dodge: Dodged            |    46 |    34 |    58 ||   138
Block: Shield            |    73 |    54 |    86 ||   213
